 Dungeon Crawl Stone Soup version 0.31-a0-1278-g11c5b68f87 (webtiles) character file.

Game seed: 8938741218411048655

287 Sweetruy1997 the Sneak (level 6, -6/2 HPs)
             Began as a Vine Stalker Enchanter on Dec 18, 2023.
             Killed from afar by an orc wizard (8 damage)
             ... with a puff of flame
             ... on level 3 of the Dungeon.
             The game lasted 00:09:09 (2054 turns).

Sweetruy1997 the Sneak (Vine Stalker Enchanter)     Turns: 2054, Time: 00:09:10

Health: -6/2       AC:  6    Str: 10    XL:     6   Next: 30%
Magic:  0/11       EV: 12    Int: 17    God:
Gold:   124        SH:  0    Dex: 21    Spells: 0/11 levels left

rFire   . . .        a - +1 dagger
rCold   + . .        (no shield)
rNeg    + + +        i - +0 leather armour
rPois   ∞            n - +2 helmet
rElec   .            (no cloak)
rCorr   .            (no gloves)
SInv    .            (no boots)
Will    +....        e - amulet of regeneration
Stlth   +++          k - +6 ring of dexterity
HPRegen 1.80/turn    (no ring)
MPRegen 0.12/turn

%: guardian spirit
@: death-form
A: vile attack, torment immunity, no potions, reduced hp, fangs 2, regeneration
1, magic shield, antimagic bite, no potion heal 2
a: Siphon Essence, Begin Untransformation


You were on level 3 of the Dungeon.
You were an undying horror.
You visited 1 branch of the dungeon, and saw 4 of its levels.

You collected 124 gold pieces.

Inventory:

Hand Weapons
 a - a +1 dagger (weapon)
Armour
 i - a +0 leather armour (worn)
 n - a +2 helmet (worn)
Jewellery
 e - an amulet of regeneration (around neck)
 k - a +6 ring of dexterity (left hand)
Talismans
 f - a talisman of death (active)
Scrolls
 g - 3 scrolls of identify {unknown}
 j - a scroll of fear {unknown}
 l - a scroll of immolation {unknown}
 m - a scroll of enchant weapon {unknown}
Potions
 b - a potion of degeneration {unknown}
 c - a potion of invisibility
 d - a potion of curing {unknown}
 h - a potion of resistance {unknown}
 o - a potion of heal wounds {unknown}


   Skills:
 + Level 0.5 Fighting
 + Level 2.0 Short Blades
 + Level 1.7 Dodging
 + Level 6.4 Stealth
 + Level 3.2 Spellcasting
 + Level 3.7 Hexes
 + Level 1.4 Ice Magic


You couldn't memorise any spells.
You knew the following spells:

 Your Spells              Type           Power      Damage    Failure   Level
a - Ensorcelled Hibernat  Hex/Ice        22%        N/A       12%         2
b - Confusing Touch       Hex            15%        N/A       14%         3
c - Tukima's Dance        Hex            15%        N/A       14%         3
d - Dazzling Flash        Conj/Hex       18%        N/A       32%         3

Your spell library contained the following spells:

 Spells                   Type           Power      Damage    Failure   Level


Dungeon Overview and Level Annotations

Branches:
Dungeon (4/15)
 Temple: D:4-7

Altars:


Innate Abilities, Weirdness & Mutations

You are an undying horror.
Your melee and unarmed attacks drain, slow and weaken victims.
You are immune to unholy pain and torment.
You cannot drink.
Your maximum health is decreased, since you lack skill for your form.
You are immune to poison.
You have extremely sharp teeth.
Your natural rate of healing is unusually fast.
When hurt, damage is shared between your health and your magic reserves.
Your bite disrupts and absorbs the magic of your enemies.
Potions cannot restore your health.


Message History

Ouch! That really hurt!
You hit Terence but do no damage.
Terence appears confused.
You bite Terence. You drain his power.
You feel invigorated.
Terence is lightly wounded.
Found a long sword.
You catch the helpless Terence completely off-guard!
You puncture Terence!
Terence decays.
You bite Terence, but do no damage.
Terence is almost dead.
Terence closely misses you.
You hit Terence but do no damage.
Terence is almost dead.
You hit Terence but do no damage. You bite Terence, but do no damage.
Terence is almost dead.
A frilled lizard comes into view.
Terence hits you with a +0 falchion.
You catch the helpless Terence completely off-guard!
You puncture Terence!
You kill Terence!
The frilled lizard hisses angrily.
The frilled lizard resists with significant effort.
You hit the frilled lizard.
You kill the frilled lizard!
No target in view!
You already know all available spells.
Things that are here:
a +0 falchion; a +3 scale mail of cold resistance; the human corpse of Terence
b - a bubbling dark potion An orc comes into view.
It is wielding a +0 club.
An orc comes into view. It is wielding a +0 hand axe. x2
The orc shouts!
The orc looks drowsy...
The orc shouts! x2; You hear a shout!
You hear an angry hiss.
An orc wizard comes into view. It is wielding a +0 dagger.
The helpless orc fails to defend itself.
You impale the orc!!
You kill the orc!
The orc wizard points at you and mumbles some strange words.
The puff of flame hits you!
Ouch! That really hurt!
You die...

####...#.....)#..........#
###...##<........†....#
##.....###..>........ .
##...............##. ).##
##..##..#..########. .....
#..###..##.# #.
....#####.<###.###.### #. ###
#).......##........# #.
....####......z#.###.##.######.
........).....)............(##.
..........###......oo....##...#
#####.†.### #..#####.#.....##..
#.....#.# ...# #.#.........
#.#####.. ##### #.##.....###
#### #.........# ###...>...#
#.........


You could see an orc wizard and an orc.

Vanquished Creatures
  Sigmund (D:2)
  Terence (D:3)
  Robin (D:2)
  3 adders
  5 dart slugs
  An orc (D:3)
  6 ball pythons
  4 bats
  5 endoplasms
  A giant cockroach (D:2)
  12 goblins
  7 hobgoblins
  3 jackals (D:2)
  6 kobolds
  A quokka (D:3)
  4 frilled lizards
  5 rats
66 creatures vanquished.

Notes
Turn   | Place    | Note
-------+----------+-------------------------------------------
     0 | D:1      | Sweetruy1997 the Vine Stalker Enchanter began the quest for
                  | the Orb.
     0 | D:1      | Reached XP level 1. HP: 9/9 MP: 4/4
    73 | D:1      | Reached XP level 2. HP: 13/13 MP: 4/6
    76 | D:1      | Learned a level 2 spell: Ensorcelled Hibernation
   108 | D:1      | Reached skill level 4 in Stealth
   646 | D:2      | Reached skill level 1 in Short Blades
   671 | D:2      | Reached XP level 3. HP: 16/16 MP: 7/7
   702 | D:2      | Learned a level 3 spell: Confusing Touch
  1077 | D:2      | Noticed Robin
  1082 | D:2      | Reached XP level 4. HP: 20/21 MP: 1/9
  1090 | D:2      | Killed Robin
  1091 | D:2      | Reached skill level 5 in Stealth
  1276 | D:2      | Noticed Sigmund
  1280 | D:2      | Killed Sigmund
  1281 | D:2      | Reached skill level 6 in Stealth
  1281 | D:2      | Reached skill level 1 in Ice Magic
  1281 | D:2      | Reached XP level 5. HP: 25/25 MP: 4/10
  1281 | D:2      | Reached XP level 6. HP: 29/29 MP: 4/11
  1285 | D:2      | Learned a level 3 spell: Tukima's Dance
  1289 | D:2      | Learned a level 3 spell: Dazzling Flash
  1587 | D:2      | You fall into a shaft and drop 2 floors!
  2018 | D:3      | Noticed Terence
  2032 | D:3      | Killed Terence
  2054 | D:3      | Killed from afar by an orc wizard

Illustrated notes

Levels and vault maps discovered:
D:1:      nicolae_arrival_somewhat_less_tricky_arrival, layout_rooms
D:2:      layout_loops_ring, uniq_sigmund, uniq_robin
D:3:      layout_rooms, uniq_pargi, uniq_terence
D:4:      layout_cave_pods, mainiacjoe_overflow_paths,
          mainiacjoe_overflow_cross_hatched, nicolae_the_louvre

Skill      XL: |  1  2  3  4  5  6 |
---------------+-------------------+-----
Stealth        | 4 6 |  6.4
Short Blades   | 1 2 |  2.0
Spellcasting   | 3 |  3.2
Ice Magic      | 1 |  1.4
Fighting       | |  0.5
Dodging        | |  1.7
Hexes          | |  3.7

Action                     |  1- 3 |  4- 6 || total
---------------------------+-------+-------++-------
  Melee: Dagger            |    44 |    48 ||    92
         Bite              |     6 |     9 ||    15
   Cast: Ensorcelled Hiber |    18 |    15 ||    33
         Confusing Touch   |       |     1 ||     1
    Use: Potion            |       |     1 ||     1
         Scroll            |       |     2 ||     2
   Stab: Sleeping          |    24 |    18 ||    42
         Distracted        |     1 |       ||     1
         Invisible         |       |     4 ||     4
         Confused          |       |     2 ||     2
 Armour: Robe              |    20 |    13 ||    33
         Leather armour    |       |     8 ||     8
  Dodge: Dodged            |    12 |    25 ||    37
   Form: Death             |       |     1 ||     1

Table legend: (Time is in decaauts)
 A = Elapsed time spent in this place.
 B = Non-inter-level travel time spent in this place.
 C = Inter-level travel time spent in this place.
 D = Time resting spent in this place.
 E = Time spent auto-exploring this place.
 F = Levels seen in this place.
 G = Mean time per level.
                   A        B        C        D        E       F      G
               +--------+--------+--------+--------+--------+-----+--------+
         Total |   2046 |   1992 |     54 |      0 |   1492 |   4 |  511.5 |
       Dungeon |   2046 |   1992 |     54 |      0 |   1492 |   4 |  511.5 |
               +--------+--------+--------+--------+--------+-----+--------+

Top non-repeatable levels by time:
     D:2: 1082 daAuts
     D:1: 642 daAuts
     D:3: 239 daAuts
     D:4: 81 daAuts
